 Dungeon Crawl Stone Soup version 0.21-a0-263-gf26e180 (webtiles) character file.

112 JackS81 the Changer (level 4, -3/32 HPs)
             Began as a Merfolk Transmuter on Sept 8, 2017.
             Slain by Grinder (4 damage)
             ... while paralysed by Grinder
             ... on level 3 of the Dungeon.
             The game lasted 00:08:58 (2085 turns).

JackS81 the Changer (Merfolk Transmuter)            Turns: 2085, Time: 00:08:59

Health: -3/32      AC:  2    Str: 10    XL:     4   Next: 95%
Magic:  0/7        EV:  2    Int: 13    God:
Gold:   99         SH:  0    Dex: 14    Spells: 3/7 levels left

rFire    . . .     SeeInvis .     - Unarmed
rCold    . . .     Gourm    .   (no shield)
rNeg     . . .     Faith    .   b - +0 robe
rPois    .         Spirit   .   (no helmet)
rElec    .         Reflect  .   (no cloak)
rCorr    .         Harm     .   (no gloves)
MR       .....                  (no boots)
Stlth    +.........             (no amulet)
HPRegen  0.10/turn              (no ring)
MPRegen  0.10/turn              (no ring)

@: paralysed, very slightly contaminated
A: change form in water, swift swim, stealthy swim
a: no special abilities


You were on level 3 of the Dungeon.
You were not hungry.

You visited 1 branch of the dungeon, and saw 3 of its levels.

You collected 99 gold pieces.

Inventory:

Missiles
 a - 27 arrows
 g - 11 sling bullets
 h - 37 stones (quivered)
 l - 16 poisoned needles
Armour
 b - a +0 robe (worn)
Scrolls
 e - a scroll of fog {unknown}
 i - a scroll of noise {unknown}
 k - 3 scrolls of identify {unknown}
 m - a scroll of amnesia {unknown}
 n - a scroll of enchant armour {unknown}
 o - a scroll of immolation {unknown}
Potions
 q - a potion of magic {unknown}
 r - a potion of curing {unknown}
Books
 c - a book of Changes

   Spells                             Type                      Level
   a - Beastly Appendage              Transmutation                1
   b - Sticks to Snakes               Transmutation                2
   c - Spider Form                    Transmutation/Poison         3
   d - Ice Form                       Ice/Transmutation            4
   e - Blade Hands                    Transmutation                5
Comestibles
 d - 4 bread rations
 f - a royal jelly
 j - 2 meat rations


   Skills:
 - Level 1.1 Fighting
 - Level 2.6 Dodging
 + Level 4.5 Unarmed Combat
 - Level 2.0 Spellcasting
 * Level 5.2 Transmutations
 - Level 0.2 Poison Magic


You had 3 spell levels left.
You knew the following spells:

 Your Spells              Type           Power        Failure   Level  Hunger
a - Beastly Appendage     Tmut           ##....       3%          1    ##.....
b - Spider Form           Tmut/Pois      #.........   24%         3    ####...


Dungeon Overview and Level Annotations

Branches:
Dungeon (3/15)

Altars:
Dithmenos

Annotations:
D:3 Grinder


Message History

Grinder gestures at you. Pain shoots through your body!
Throwing (i - inventory):
h - 38 stones (quivered)
Press: ? - help, Shift-Dir - straight line, f/p - Grinder
Aim: Grinder (severely wounded, poisoned)
You throw a stone.
The stone hits Grinder but does no damage.
Grinder is severely wounded.
You hit Grinder.
Grinder is severely wounded.
Grinder gestures at you.
You suddenly lose the ability to move!
Grinder hits you.
You writhe in agony.
* * * LOW HITPOINT WARNING * * *
Grinder hits you.
* * * LOW HITPOINT WARNING * * *
You writhe in agony.
* * * LOW HITPOINT WARNING * * *
Grinder hits you.
You die...

### # ### ... . ..# #.#
. #. #.# #.# $.##(# #.#
#.# #...(# #.# #.#
#...5#### #.# #<#
#...@..# #.# #.#
#....##.####)# #.#
#.............#######.#
#.###########..........#
# ############


You could see Grinder.

Vanquished Creatures
  Crazy Yiuf (D:2)
  3 adders (D:2)
  A worm (D:2)
  3 dart slugs
  3 leopard geckos
  A ball python (D:2)
  5 bats
  4 giant cockroaches
  3 goblins (D:1)
  5 hobgoblins
  3 jackals (D:2)
  2 frilled lizards (D:1)
  4 kobolds
  4 rats
42 creatures vanquished.

Notes
Turn   | Place    | Note
-------+----------+-------------------------------------------
     0 | D:1      | JackS81 the Merfolk Transmuter began the quest for the Orb.
     0 | D:1      | Reached XP level 1. HP: 15/15 MP: 3/3
    57 | D:1      | Reached skill level 3 in Transmutations
   136 | D:1      | Reached XP level 2. HP: 10/21 MP: 3/5
   275 | D:1      | Reached XP level 3. HP: 17/26 MP: 4/6
   718 | D:2      | Learned a level 3 spell: Spider Form
   780 | D:2      | Reached skill level 4 in Transmutations
   791 | D:2      | Found a shadowy altar of Dithmenos.
  1071 | D:2      | Reached XP level 4. HP: 30/32 MP: 5/7
  1297 | D:2      | Found a runed door.
  1328 | D:2      | Noticed Crazy Yiuf
  1341 | D:2      | Killed Crazy Yiuf
  1341 | D:2      | Reached skill level 5 in Transmutations
  1441 | D:2      | Found a faded altar of an unknown god.
  2069 | D:3      | Noticed Grinder
  2074 | D:3      | Paralysed by Grinder for 3 turns
  2082 | D:3      | Paralysed by Grinder for 7 turns
  2084 | D:3      | HP: 1/32 [Grinder (6)]
  2085 | D:3      | Slain by Grinder

Vault maps used:
D:1:      dpeg_arrival_stone_temple_mockup
D:2:      wad_river_or_something, lemuel_crystal_altar,
          chequers_ecumenical_altar_twisty, due_unseen_surprise,
          uniq_crazy_yiuf_cottage
D:3:      uniq_grinder

Skill      XL: |  1  2  3  4 |
---------------+-------------+-----
Transmutations | 3 4 5 |  5.2
Unarmed Combat | 4 |  4.5
Fighting       | |  1.1
Dodging        | |  2.6
Spellcasting   | |  2.0
Poison Magic   | |  0.2

Action                   |  1- 3 |  4- 6 || total
-------------------------+-------+-------++-------
Melee: Unarmed           |    97 |    34 ||   131
       Headbutt          |    10 |     2 ||    12
       Punch             |     2 |     1 ||     3
Throw: Stone             |    19 |     8 ||    27
 Cast: Beastly Appendage |    18 |     5 ||    23
       Spider Form       |     1 |     5 ||     6
  Use: Potion            |       |     2 ||     2
 Stab: Sleeping          |       |     1 ||     1
  Eat: Chunk             |     1 |     2 ||     3
       Bread ration      |       |     1 ||     1
Armor: Robe              |    15 |       ||    15
       Skin              |       |     2 ||     2
Dodge: Dodged            |    62 |    21 ||    83

Table legend:
 A = Spawn XP
 B = Non-spawn XP
 C = Spawn XP percentage of total XP
 D = Spawn monster count
 E = Non-spawn monster count
 F = Spawn count percentage of total count
 G = Total turns spent on level
                    A         B        C        D         E        F      G
               +---------+---------+-------+---------+---------+-------+---------
         Total |       0 |     161 |   0.0 |       0 |      42 |   0.0 |  2085
               +---------+---------+-------+---------+---------+-------+---------
           D:1 |       0 |      45 |   0.0 |       0 |      23 |   0.0 |   713
           D:2 |       0 |     115 |   0.0 |       0 |      18 |   0.0 |  1333
           D:3 |       0 |       1 |   0.0 |       0 |       1 |   0.0 |    39
               +---------+---------+-------+---------+---------+-------+---------
